 Dungeon Crawl Stone Soup version 0.19.5 (webtiles) character file.

1617 Farkas the Cleaver (level 8, -6/73 HPs)
             Began as a Minotaur Berserker on Apr 29, 2017.
             Was an Elder of Trog.
             Mangled by an orc warrior
             ... wielding a cursed -3 glaive
              (24 damage)
             ... on level 6 of the Dungeon.
             The game lasted 00:12:11 (5728 turns).

Farkas the Cleaver (Minotaur Berserker)             Turns: 5728, Time: 00:12:12

Health: -6/73      AC: 14    Str: 25    XL:     8   Next: 64%
Magic:  7/7        EV:  9    Int:  4    God:    Trog [****..]
Gold:   350        SH: 11    Dex:  9    Spells: 0 memorised, 7 levels left

rFire  . . .     SeeInvis +     a - +1 hand axe
rCold  . . .     Gourm    .     B - +0 scale mail
rNeg   . . .     Faith    .     q - +1 shield
rPois  .         Spirit   .     (helmet restricted)
rElec  .         Reflect  .     (no cloak)
rCorr  .         Harm     +     g - +0 pair of gloves
MR     .....                    y - +1 pair of boots
Stlth  ..........               n - amulet of harm
                                s - +3 ring of protection
                                r - ring of see invisible

@: no status effects
A: retaliatory headbutt, horns 2
a: Berserk, Trog's Hand, Brothers in Arms, Burn Spellbooks, Renounce Religion


You were on level 6 of the Dungeon.
You worshipped Trog.
Trog was greatly pleased with you.
You were not hungry.

You visited 1 branch of the dungeon, and saw 6 of its levels.
You also visited: Ossuary.

You collected 350 gold pieces.

Inventory:

Hand Weapons
 a - a +1 hand axe (weapon)
Missiles
 D - 4 silver tomahawks (quivered)
Armour
 g - a +0 pair of gloves (worn)
 q - a +1 shield (worn)
 y - a +1 pair of boots (worn)
 B - a +0 scale mail (worn)
Jewellery
 n - an amulet of harm (around neck)
 r - a ring of see invisible (left hand)
 s - a +3 ring of protection (right hand)
Wands
 A - a wand of paralysis (11/24)
Scrolls
 b - 2 scrolls of random uselessness
 e - a scroll of fog
 f - a scroll of enchant armour
 h - a scroll of enchant weapon
 p - a scroll of amnesia
 u - 2 scrolls of remove curse
 v - a scroll of magic mapping
Potions
 d - 2 potions of mutation {unknown}
 k - a potion of might
 l - a potion of lignification
 m - 2 potions of agility
 o - 2 potions of brilliance
 t - a potion of heal wounds
 w - a potion of magic {unknown}
 x - 2 potions of curing
 z - a potion of degeneration {unknown}
Comestibles
 c - 6 bread rations
 i - 2 beef jerkies
 j - a meat ration
 C - 5 chunks of flesh


   Skills:
 + Level 7.1 Fighting
 * Level 9.2 Axes
 + Level 6.3 Armour
 - Level 2.1 Dodging
 + Level 5.1 Shields


You had 7 spell levels left.
You didn't know any spells.

Dungeon Overview and Level Annotations

Branches:
Dungeon (6/15)             Temple (0/1) D:6

Altars:
Dithmenos
Elyvilon
Hepliaklqana
Kikubaaqudgha
Trog
Vehumet
Yredelemnul
Zin

Shops:
D:3 *   D:6 *


Innate Abilities, Weirdness & Mutations

You reflexively headbutt those who attack you in melee.
You have a pair of horns on your head.


Message History

You hit the orc warrior but do no damage.
The orc priest hits you but does no damage.
The orc warrior hits you with a glaive.
You barely miss the orc priest.
The orc priest is almost dead.
You hit the orc.
You hit the orc warrior but do no damage.
The orc hits you but does no damage. The orc priest closely misses you.
You furiously retaliate!
You headbutt the orc priest, but do no damage.
The orc warrior hits you with a glaive.
You closely miss the orc priest.
The orc priest is almost dead.
You hit the orc warrior but do no damage.
You barely miss the orc. The orc hits you but does no damage.
The orc priest invokes the aid of Beogh against you.
Pain shoots through your body!
* * * LOW HITPOINT WARNING * * *
The orc warrior hits you from afar with a glaive!!
You die...

### ##.## #.# # #.# #.# #
#.# ##.## #### # ##+#
#...# ##... # #...# #.#.#
#.... ## .....# ##...#
#.... .## ......# ##.#.##
#.... ..####
.......####....#######...
.....+
......oo@...#'#..........
..####
......o####.+∩+.#######..
.## ......# ###'### ###
..# .....# #..# # #.#
#...# ####.# ### #.# ##+#
#....# #.. #.# #.# #.####
#.# #.##### #.# #.# #.#
......# ##.## #.# #.#


You could see an orc warrior, an orc priest and an orc.

Vanquished Creatures
  2 sky beasts
  2 phantoms (D:4)
  2 ogres
  A centaur (D:6)
  2 elf zombies (Ossuary)
  A howler monkey (D:4)
  The ghost of Reinor the Ducker, a weakling SpAK of Lugonu (D:3)
  2 bullfrog zombies
  2 human zombies (Ossuary)
  A jelly (D:5)
  A bullfrog skeleton (D:4)
  A centaur skeleton (D:4)
  A hound (D:4)
  An iguana (D:4)
  2 orc wizards
  An orc priest (D:3)
  Natasha (thrice) (D:3)
  A worker ant (D:5)
  3 big kobold zombies (Ossuary)
  4 hound zombies
  4 mummies
  3 gnolls
  8 adders
  An ooze (D:3)
  A worm (D:2)
  2 dart slugs
  A leopard gecko (D:3)
  7 orcs
  6 giant cockroaches
  2 gnoll zombies (Ossuary)
  11 goblins
  5 hobgoblins
  3 jackals (D:1)
  5 kobolds
  2 ball pythons
  7 bats
  6 frilled lizards
  3 goblin zombies (Ossuary)
  4 hobgoblin zombies (Ossuary)
  3 kobold zombies (Ossuary)
  2 orc zombies (Ossuary)
  2 quokka zombies (Ossuary)
  7 rats
  4 rat zombies (Ossuary)
133 creatures vanquished.

Notes
Turn   | Place    | Note
-------+----------+-------------------------------------------
     0 | D:1      | Farkas the Minotaur Berserker began the quest for the Orb.
     0 | D:1      | Reached XP level 1. HP: 19/19 MP: 0/0
   188 | D:1      | Reached skill level 4 in Axes
   204 | D:1      | Reached XP level 2. HP: 27/27 MP: 1/1
   717 | D:1      | Reached ** piety under Trog
   717 | D:1      | Reached XP level 3. HP: 30/33 MP: 2/2
   890 | D:2      | Reached skill level 5 in Axes
  1234 | D:2      | Reached XP level 4. HP: 40/40 MP: 3/3
  1404 | D:2      | Found a radiant altar of Vehumet.
  1449 | D:2      | Found a basalt altar of Yredelemnul.
  1553 | D:2      | Found an ancient bone altar of Kikubaaqudgha.
  1896 | D:3      | Found Zin's Purification Station.
  1901 | D:3      | Found a glowing silver altar of Zin.
  1934 | D:3      | Noticed Reinor's ghost (weakling SpAK)
  1945 | D:3      | Killed Reinor's ghost
  1945 | D:3      | Reached XP level 5. HP: 35/47 MP: 4/4
  2099 | D:3      | Found a white marble altar of Elyvilon.
  2115 | D:3      | Found a bloodstained altar of Trog.
  2223 | D:3      | Noticed Natasha
  2233 | D:3      | Killed Natasha
  2233 | D:3      | Reached skill level 1 in Shields
  2512 | D:3      | Noticed Natasha
  2518 | D:3      | Killed Natasha
  2520 | D:3      | Noticed Natasha
  2524 | D:3      | Killed Natasha
  2524 | D:3      | Reached skill level 6 in Axes
  2709 | D:4      | Reached XP level 6. HP: 53/55 MP: 5/5
  2721 | D:4      | Found a shadowy altar of Dithmenos.
  2784 | D:4      | Reached *** piety under Trog
  2787 | D:4      | Reached skill level 5 in Fighting
  2931 | D:4      | Found a sand-covered staircase.
  2953 | Ossuary  | Entered an ossuary
  3224 | Ossuary  | Reached XP level 7. HP: 61/61 MP: 6/6
  3264 | Ossuary  | Reached skill level 7 in Axes
  3326 | Ossuary  | Reached skill level 5 in Armour
  3366 | Ossuary  | Reached **** piety under Trog
  4123 | D:4      | Reached skill level 8 in Axes
  4123 | D:4      | Reached XP level 8. HP: 59/71 MP: 7/7
  4125 | D:4      | Received a gift from Trog
  4468 | D:5      | Entered Level 5 of the Dungeon
  4929 | D:5      | Found a hazy altar of Hepliaklqana.
  5149 | D:6      | Found Usaathra's General Store.
  5523 | D:6      | Reached skill level 9 in Axes
  5523 | D:6      | Reached skill level 5 in Shields
  5572 | D:6      | Found a staircase to the Ecumenical Temple.
  5728 | D:6      | Mangled by an orc warrior

Skill      XL: |  1  2  3  4  5  6  7  8 |
---------------+-------------------------+-----
Axes           | 4 5 6 8 9 |  9.2
Fighting       | 4 5 6 7 |  7.1
Armour         | 3 4 5 6 |  6.3
Shields        | 1 2 4 5 |  5.1
Dodging        | |  2.1

Action                   |  1- 3 |  4- 6 |  7- 9 || total
-------------------------+-------+-------+-------++-------
Melee: Hand axe          |    67 |   168 |   179 ||   414
       Headbutt          |     5 |    31 |    38 ||    74
Invok: Berserk           |       |     2 |       ||     2
  Use: Scroll            |       |     6 |    11 ||    17
  Eat: Chunk             |       |     8 |     3 ||    11
       Pizza             |       |     1 |       ||     1
       Meat ration       |       |       |     1 ||     1
Armor: Ring mail         |    29 |    51 |    21 ||   101
       Animal skin       |     2 |       |       ||     2
       Scale mail        |       |       |    22 ||    22
Dodge: Dodged            |    51 |    68 |    38 ||   157
Block: Shield            |       |    70 |    75 ||   145
